 Dungeon Crawl Stone Soup version 0.22.0 (webtiles) character file.

7863 AymanAU the Fighter (level 11, 0/117 HPs)
             Began as a Troll Berserker on Nov 1, 2018.
             Was an Elder of Trog.
             Slain by Snorg (7 damage)
             ... on level 9 of the Dungeon.
             The game lasted 00:23:31 (8839 turns).

AymanAU the Fighter (Troll Berserker)               Turns: 8839, Time: 00:23:32

Health: 0/117      AC:  6    Str: 27    XL:     11   Next: 2%
Magic:  1/1        EV:  9    Int:  4    God:    Trog [****..]
Gold:   506        SH: 10    Dex: 11    Spells: 10/10 levels left

rFire    + . .     SeeInvis +     - Unarmed
rCold    . . .     Gourm    +   E - +0 shield
rNeg     . . .     Faith    .   R - +0 robe
rPois    +         Spirit   .   (helmet restricted)
rElec    +         Reflect  .   i - +0 cloak
rCorr    +         Harm     .   (gloves unavailable)
MR       +++..                  (boots unavailable)
Stlth    +.........             (no amulet)
HPRegen  0.69/turn              w - ring of resist corrosion
MPRegen  0.07/turn              A - ring "Gukot" {rPois rF+ MR+++ MP-9 SInv}

@: berserk cooldown, slowed, very slow
A: large, unfitting armour, claws 3, blurry vision 1, fast metabolism 3,
gourmand, regeneration 1, shaggy fur 1, electricity resistance, tough skin 2
a: Berserk, Trog's Hand, Brothers in Arms, Renounce Religion


You were on level 9 of the Dungeon.
You worshipped Trog.
Trog was greatly pleased with you.
You were very full.

You visited 1 branch of the dungeon, and saw 10 of its levels.
You also visited: Sewer.

You collected 506 gold pieces.

Inventory:

Hand Weapons
 y - a +0 giant spiked club
 M - a +0 hand crossbow
 Q - a +0 dire flail
Missiles
 d - 198 stones (quivered)
 m - 2 throwing nets
 z - 32 poisoned needles
 O - 6 needles of confusion
Armour
 i - a +0 cloak (worn)
 E - a +0 shield (worn)
 R - a +0 robe (worn)
Jewellery
 v - an uncursed ring of resist corrosion
 w - a ring of resist corrosion (left claw)
 A - the ring "Gukot" (right claw) {rPois rF+ MR+++ MP-9 SInv}
   (You took it off an orc on level 5 of the Dungeon)

   [ring of poison resistance]

   It protects you from fire.
   It protects you from poison.
   It affects your resistance to hostile enchantments.
   It affects your magic capacity (-9).
   It lets you see invisible.
 H - an uncursed ring of poison resistance
 L - an uncursed ring of flight {unknown}
Wands
 j - a wand of iceblast (11)
 r - a wand of enslavement (19)
 B - a wand of acid (5)
 I - a wand of flame (55)
 K - a wand of paralysis (8)
Scrolls
 c - 7 scrolls of identify {unknown}
 e - 8 scrolls of magic mapping {unknown}
 f - 2 scrolls of noise {unknown}
 g - 5 scrolls of teleportation {unknown}
 k - 2 scrolls of fog {unknown}
 n - 6 scrolls of remove curse {unknown}
 p - a scroll of enchant weapon {unknown}
 u - 3 scrolls of enchant armour {unknown}
 x - a scroll of blinking {unknown}
 G - a scroll of acquirement {unknown}
Potions
 h - 5 potions of mutation
 l - 2 potions of curing {unknown}
 o - a potion of magic {unknown}
 q - 2 potions of flight {unknown}
 s - 2 potions of invisibility {unknown}
 t - a potion of degeneration {unknown}
 C - 3 potions of lignification {unknown}
 D - a potion of cancellation {unknown}
 F - 2 potions of might
 J - a potion of brilliance {unknown}
Comestibles
 b - 20 rations


   Skills:
 - Level 10.0 Fighting
 - Level 6.5 Throwing
 - Level 2.4 Dodging
 + Level 5.9 Shields
 - Level 8.0 Unarmed Combat


You had 10 spell levels left.
You didn't know any spells.
Your spell library was empty.

Dungeon Overview and Level Annotations

Branches:
Dungeon (10/15)            Temple (0/1) D:6            Lair (0/6) D:8
    Orc (0/2) D:9

Altars:
Cheibriados
Elyvilon
Makhleb
Qazlal
Uskayaw
Vehumet
Zin

Shops:
D:5 *

Annotations:
D:9 Snorg
D:10 Maurice


Innate Abilities, Weirdness & Mutations

You are too large for most types of armour.
You have claws for hands.
Your metabolism is lightning-fast.
You like to eat raw meat.
Your natural rate of healing is unusually fast.
You are covered in fur. (AC +1)
You have very tough skin. (AC +2)
Scrolls take you a little longer to read.
You are resistant to electric shocks. (rElec)


Message History

You block Snorg's attack. Snorg claws you!
* * * LOW HITPOINT WARNING * * *
Snorg claws you!
* * * LOW HITPOINT WARNING * * *
You feel a strong urge to attack something.
You are no longer berserk.
You are exhausted.
You feel yourself slow down.
Things that are here:
a giant club x2
Snorg bites you!
* * * LOW HITPOINT WARNING * * *
Snorg claws you but does no damage. You block Snorg's attack.
There is an open door, spattered with blood here.
Things that are here:
27 bolts; a +0 animal skin; a dagger You fail to use your ability.
You block Snorg's attack. Snorg claws you!!
* * * LOW HITPOINT WARNING * * *
You block Snorg's attack. Snorg bites you!
You die...

....# #.# ....# #.#
....# #.## ....# #..#
....# ##.#### ....#
#....#
###############.## #
#.....# #.[# ##
##.###.######@#####
.###..###.......T....#
..###..##............#
#.####.##......>.....#
#..#...##............#
.....####............#
#......##............#
#..#..###............#
...#...##............#


You could see Snorg (berserk).

Vanquished Creatures
  Erolcha (D:9)
  4 two-headed ogres (D:9)
  Prince Ribbit (D:9)
  A hornet (D:8)
  A hippogriff (D:7)
  Grum (D:9)
  3 hungry ghosts
  A warg (D:9)
  A sky beast (D:6)
  Purgy (Sewer)
  3 orc warriors
  An ice beast (D:7)
  A phantom (D:7)
  3 wolves (D:9)
  5 ogres
  3 centaurs (D:7)
  A big kobold (Sewer)
  A crocodile (D:8)
  A bullfrog (D:9)
  2 scorpions
  4 wights (D:7)
  A howler monkey (D:5)
  4 crimson imps
  A centaur zombie (D:5)
  4 hounds
  2 bullfrog skeletons
  A gnoll shaman (D:9)
  5 orc priests
  3 jellies
  2 centaur skeletons
  7 orc wizards
  2 worker ants (D:6)
  A killer bee zombie (D:3)
  2 hound skeletons
  2 hound zombies
  A worker ant zombie (D:8)
  A howler monkey skeleton (D:7)
  11 gnolls
  10 adders
  An ooze (D:2)
  An adder zombie (D:7)
  An adder skeleton (D:7)
  2 worms (D:2)
  2 dart slugs (D:1)
  5 leopard geckos
  30 orcs
  5 bats
  A giant cockroach (D:2)
  9 goblins
  8 hobgoblins
  3 jackals (D:2)
  12 kobolds
  3 quokkas
  2 ball pythons (D:4)
  A ball python skeleton (D:4)
  4 frilled lizards
  6 rats
196 creatures vanquished.

Vanquished Creatures (others)
  An adder (D:8)
1 creature vanquished.

Grand Total: 197 creatures vanquished

Notes
Turn   | Place    | Note
-------+----------+-------------------------------------------
     0 | D:1      | AymanAU the Troll Berserker began the quest for the Orb.
     0 | D:1      | Reached XP level 1. HP: 22/22 MP: 0/0
   209 | D:1      | Reached XP level 2. HP: 29/29 MP: 1/1
   649 | D:2      | Reached XP level 3. HP: 36/36 MP: 2/2
   778 | D:2      | Reached ** piety under Trog
   953 | D:2      | Reached skill level 5 in Unarmed Combat
   953 | D:2      | Reached XP level 4. HP: 44/44 MP: 3/3
  1040 | D:2      | Found a snail-covered altar of Cheibriados.
  1040 | D:2      | Found a glowing silver altar of Zin.
  1676 | D:3      | Reached XP level 5. HP: 50/50 MP: 4/4
  1699 | D:3      | Noticed a hand axe
  1699 | D:3      | Noticed a dagger
  1704 | D:3      | Found a hide-covered altar of Uskayaw.
  2261 | D:3      | Found a burning altar of Makhleb.
  2261 | D:3      | Found a radiant altar of Vehumet.
  2272 | D:3      | Reached skill level 3 in Fighting
  2594 | D:4      | Noticed an ogre
  2602 | D:4      | Killed an ogre
  2602 | D:4      | Reached XP level 6. HP: 46/62 MP: 5/5
  2610 | D:4      | Reached skill level 4 in Fighting
  2648 | D:4      | Found a stormy altar of Qazlal.
  2694 | D:4      | Found a glowing drain.
  2743 | D:4      | Found a white marble altar of Elyvilon.
  2755 | Sewer    | Entered a sewer
  2792 | Sewer    | Reached *** piety under Trog
  2795 | Sewer    | Noticed Purgy
  2806 | Sewer    | Killed Purgy
  2879 | Sewer    | Reached skill level 5 in Fighting
  2879 | Sewer    | Reached XP level 7. HP: 65/72 MP: 6/6
  3365 | D:5      | Entered Level 5 of the Dungeon
  3588 | D:5      | Reached skill level 6 in Fighting
  3618 | D:5      | Reached skill level 1 in Throwing
  3936 | D:5      | Found Heapsikh's Assorted Antiques.
  4047 | D:5      | Got a slimy glass ring
  4282 | D:6      | Reached XP level 8. HP: 65/83 MP: 7/7
  4448 | D:6      | Found a staircase to the Ecumenical Temple.
  4895 | D:7      | Reached skill level 5 in Throwing
  4987 | D:7      | Noticed a hippogriff
  4999 | D:7      | Killed a hippogriff
  5096 | D:6      | Identified the ring "Gukot" {rPois rF+ MR+++ MP-9 SInv} (You took it off an orc on level 5 of the Dungeon)
  5803 | D:7      | Reached XP level 9. HP: 92/92 MP: 0/8
  5809 | D:7      | Reached skill level 7 in Fighting
  5990 | D:8      | Reached **** piety under Trog
  6059 | D:8      | Found a staircase to the Lair.
  7226 | D:9      | Noticed a two-headed ogre
  7233 | D:9      | Killed a two-headed ogre
  7233 | D:9      | Reached skill level 9 in Fighting
  7278 | D:9      | Noticed a two-headed ogre
  7286 | D:9      | Killed a two-headed ogre
  7355 | D:9      | Noticed Prince Ribbit
  7376 | D:9      | Reached XP level 10. HP: 110/110 MP: 0/9
  7388 | D:9      | Killed Prince Ribbit
  7388 | D:9      | Reached skill level 10 in Fighting
  7469 | D:9      | Found a staircase to the Orcish Mines.
  7488 | D:9      | Noticed a two-headed ogre
  7766 | D:9      | Noticed Erolcha
  7847 | D:9      | Killed Erolcha
  7859 | D:9      | Gained mutation: Scrolls take you a little longer to read. [potion of mutation]
  7859 | D:9      | Gained mutation: You are resistant to electric shocks. (rElec) [potion of mutation]
  7905 | D:9      | Killed a two-headed ogre
  8018 | D:8      | Paralysed by a hornet for 3 turns
  8275 | D:9      | Noticed a two-headed ogre
  8281 | D:9      | Killed a two-headed ogre
  8281 | D:9      | Reached skill level 5 in Shields
  8562 | D:9      | Noticed Grum
  8589 | D:9      | Killed Grum
  8589 | D:9      | Reached XP level 11. HP: 36/117 MP: 1/10
  8819 | D:10     | Entered Level 10 of the Dungeon
  8819 | D:10     | Noticed Maurice
  8819 | D:10     | Noticed Snorg
  8839 | D:9      | HP: 7/117 [Snorg (18)]
  8839 | D:9      | Slain by Snorg

Skill      XL: |  1  2  3  4  5  6  7  8  9 10 |
---------------+-------------------------------+-----
Unarmed Combat | 4 5 6 8 |  8.0
Fighting       | 3 5 6 9 10 | 10.0
Throwing       | 3 6 |  6.5
Shields        | 5 |  5.9
Dodging        | |  2.4

Action                   |  1- 3 |  4- 6 |  7- 9 | 10-12 || total
-------------------------+-------+-------+-------+-------++-------
Melee: Unarmed           |    86 |   114 |   249 |   188 ||   637
       Punch             |     1 |     4 |     5 |       ||    10
Throw: Stone             |       |       |    40 |    20 ||    60
Invok: Berserk           |     1 |     2 |     6 |     6 ||    15
       Trog's Hand       |       |       |       |     2 ||     2
  Use: Potion            |       |       |       |     2 ||     2
 Stab: Sleeping          |       |     2 |       |       ||     2
  Eat: Chunk             |    14 |    16 |    50 |    23 ||   103
       Ration            |       |       |     1 |     2 ||     3
Armor: Animal skin       |    34 |    39 |    71 |    37 ||   181
       Robe              |       |       |       |     5 ||     5
Dodge: Dodged            |    54 |    64 |    82 |    75 ||   275
Block: Shield            |       |       |    52 |    87 ||   139
